 Dungeon Crawl Stone Soup version 0.28.0-1-gb440e238dd (webtiles) character file.

Game seed: 5403942096552308437

2262 SnakkuSnakku7 the Destroyer (level 9, -3/57 HPs)
             Began as a Demonspawn Fire Elementalist on Feb 20, 2022.
             Was an Initiate of Gozag.
             Slain by a killer bee (7 damage)
             ... on level 6 of the Dungeon.
             The game lasted 00:08:39 (5237 turns).

SnakkuSnakku7 the Destroyer (DsFE)                  Turns: 5237, Time: 00:08:39

Health: -3/57      AC:  3    Str:  9    XL:     9   Next: 15%
Magic:  1/12       EV: 12    Int: 21    God:    Gozag
Gold:   555        SH:  0    Dex: 13    Spells: 5/12 levels left

rFire   + . .      SeeInvis .   m - staff of fire
rCold   . . .      Faith    .   (no shield)
rNeg    . . .      Spirit   .   a - +0 robe
rPois   .          Reflect  .   (no helmet)
rElec   .          Harm     .   (cloak unavailable)
rCorr   .          Rampage  .   y - +0 pair of gloves
Will    .....                   (no boots)
Stlth   ++........              j - amulet of regeneration
HPRegen 0.99/turn               (no ring)
MPRegen 0.13/turn               (no ring)

@: lethally poisoned (-3 -> -3)
A: spiny 2, weakness stinger 3
a: Renounce Religion, Potion Petition, Call Merchant, Bribe Branch


You were on level 6 of the Dungeon.
You worshipped Gozag.
Gozag was pleased with you.
You visited 2 branches of the dungeon, and saw 7 of its levels.
You also visited: Sewer.

You collected 617 gold pieces.
You paid 62 gold pieces to Gozag.

Inventory:

Hand Weapons
 k - a +1 whip of venom
Armour
 a - a +0 robe (worn)
 y - a +0 pair of gloves (worn)
Magical Staves
 m - a staff of fire (weapon)
Jewellery
 j - an amulet of regeneration (around neck)
 r - a +4 ring of slaying
Wands
 x - a wand of iceblast (6)
Scrolls
 c - 6 scrolls of identify {unknown}
 d - 4 scrolls of fear {unknown}
 e - 2 scrolls of enchant weapon {unknown}
 f - a scroll of amnesia {unknown}
 i - a scroll of enchant armour {unknown}
 p - a scroll of brand weapon {unknown}
 q - 5 scrolls of magic mapping {unknown}
 t - a scroll of torment {unknown}
 u - a scroll of teleportation {unknown}
 v - a scroll of fog {unknown}
 w - a scroll of vulnerability {unknown}
Potions
 b - a potion of mutation {unknown}
 g - a potion of degeneration {unknown}
 h - 3 potions of curing {unknown}
 l - a potion of haste {unknown}
 n - 2 potions of brilliance {unknown}
 o - 4 potions of flight
 s - 3 potions of heal wounds
 z - a potion of attraction {unknown}
 A - a potion of ambrosia {unknown}


   Skills:
 - Level 1.7 Dodging
 - Level 1.7 Stealth
 - Level 2.0 Spellcasting
 + Level 8.7 Conjurations
 + Level 8.4 Fire Magic


You had 5 spell levels left.
You knew the following spells:

 Your Spells              Type           Power      Damage    Failure   Level
a - Foxfire               Conj/Fire      100%       2x1d9     1%          1
b - Scorch                Fire           100%       2d10      1%          2
c - Flame Wave            Conj/Fire      55%        2d11      4%          4

Your spell library contained the following spells:

 Spells                   Type           Power      Damage    Failure   Level
 Conjure Flame            Conj/Fire      55%        6-21      1%          3
 Inner Flame              Hex/Fire       29%        N/A       8%          3


Dungeon Overview and Level Annotations

Branches:
Dungeon (6/15)             Temple (1/1) D:4           Sewer (visited)

Altars:
Gozag
Hepliaklqana
Okawaru
Sif Muna

Shops:
D:5 (


Innate Abilities, Weirdness & Mutations

You are mostly covered in sharp spines.
You have a sharp stinger which inflicts weakening toxins.


Message History

The killer bee is struck by your spines.
The killer bee stings you.
* * * LOW HITPOINT WARNING * * *
The hornet is struck by your spines. The hornet barely misses you.
The killer bee is struck by your spines.
The killer bee stings you.
* * * LOW HITPOINT WARNING * * *
The hornet is struck by your spines. The hornet completely misses you.
Unknown command.
Casting: Flame Wave (dangerous; 4% risk of failure)
Confirm with . or Enter, or press ? or * to list all spells.
Casting: Flame Wave (dangerous; 4% risk of failure)
Press: ? - help, Dir - look around, f - activate You feel a surge of power!
A wave of flame ripples out!
The flame wave engulfs the killer bee!
You kill the killer bee!
The flame wave engulfs the hornet.
You kill the hornet! (Press . to intensify the flame waves.)
You feel very sick.
The killer bee is distracted by your dazzling golden aura. x2
Unknown command.
A wave of flame ripples out!
The flame wave engulfs the killer bee!
You kill the killer bee!
You feel very sick.
The necrophage is distracted by your dazzling golden aura.
Unknown command.
You feel sick.
The necrophage is no longer distracted by gold.
The necrophage is distracted by your dazzling golden aura.
You feel sick.
You feel sick.
You feel sick.
There is a stone staircase leading down here.
You feel sick.
You feel sick.
The killer bee is struck by your spines.
The killer bee stings you!
You die...
Your body crumbles into a pile of gold.

.≈§..≈Y ..≈§.≈≈.#
#.≈≈.§≈$#######
#.≈≈.≈§.......# #
#.≈≈n§§.#####.#
#.#.≈≈≈≈§.# #.#
#....≈≈≈..# #.#
#.......#####.##
####...$...>y@...#
......$.$######..#
#######$## ##.#
#$# #.# #y# #.#
#.# #.# #.# #.#
#.# #(# #.# #.#


You could see a killer bee.

Vanquished Creatures
  A hornet (D:6)
  Sigmund (D:2)
  Menkaure (D:5)
  A water moccasin (D:4)
  A sky beast (D:6)
  2 black bears (D:5)
  5 ogres
  A kobold brigand (Sewer)
  2 scorpions (D:5)
  A water moccasin skeleton (D:4)
  5 killer bees (D:6)
  A hound (D:6)
  A centaur zombie (D:5)
  2 centaur skeletons
  3 iguanas
  Ijyb (D:4)
  2 orc wizards (D:5)
  A river rat (Sewer)
  7 adders
  7 gnolls
  An ufetubus (D:5)
  2 worms
  4 dart slugs
  10 orcs
  4 ball pythons
  2 bats
  8 endoplasms
  9 giant cockroaches
  7 goblins
  12 hobgoblins
  5 quokkas
  2 frilled lizards (D:2)
  8 kobolds
  5 rats
125 creatures vanquished.

Vanquished Creatures (others)
  70 foxfires
70 creatures vanquished.

Grand Total: 195 creatures vanquished

Notes
Turn   | Place    | Note
-------+----------+-------------------------------------------
     0 | D:1      | SnakkuSnakku7 the Demonspawn Fire Elementalist began the
                  | quest for the Orb.
     0 | D:1      | Reached XP level 1. HP: 13/13 MP: 3/3
   342 | D:1      | Found a faded altar of an unknown god.
   580 | D:1      | Gained mutation: You have a small tail. [demonic ancestry]
   580 | D:1      | Reached XP level 2. HP: 19/19 MP: 1/5
  1093 | D:2      | Gained mutation: You are partially covered in sharp spines.
                  | [demonic ancestry]
  1093 | D:2      | Reached XP level 3. HP: 10/24 MP: 0/6
  1437 | D:2      | Learned a level 2 spell: Scorch
  1966 | D:2      | Noticed Sigmund
  1972 | D:2      | Killed Sigmund
  1973 | D:2      | Reached XP level 4. HP: 22/30 MP: 0/7
  1973 | D:2      | Reached XP level 5. HP: 25/35 MP: 0/8
  2214 | D:3      | Identified the +9 mace "Xosovokk" {vamp, rN+ SInv}
  2350 | D:3      | Gained mutation: You have a tail ending in a sharp stinger.
                  | [demonic ancestry]
  2350 | D:3      | Reached XP level 6. HP: 41/41 MP: 4/9
  2377 | D:3      | Found a glowing drain.
  2384 | Sewer    | Entered a sewer
  2486 | Sewer    | Reached skill level 5 in Fire Magic
  2907 | D:4      | Found a staircase to the Ecumenical Temple.
  2922 | Temple   | Entered the Ecumenical Temple
  2929 | Temple   | Became a worshipper of Gozag Ym Sagoz the Greedy
  3158 | D:4      | Identified the +10 spear of Incongruity {protect, Drain
                  | rCorr Dex-3 SInv}
  3487 | D:4      | Reached skill level 5 in Conjurations
  3517 | D:4      | Noticed Ijyb
  3538 | D:4      | Killed Ijyb
  3737 | D:4      | Reached XP level 7. HP: 26/46 MP: 1/10
  3771 | D:5      | Entered Level 5 of the Dungeon
  3771 | D:5      | Found Viesiwk's Weapon Emporium.
  3829 | D:4      | Learned a level 4 spell: Flame Wave
  3881 | D:5      | Noticed Menkaure
  3887 | D:5      | Killed Menkaure
  4283 | D:5      | Gained mutation: You have a sharp stinger which inflicts
                  | weakening toxins. [demonic ancestry]
  4283 | D:5      | Reached XP level 8. HP: 52/52 MP: 2/11
  4917 | D:5      | Found a hazy altar of Hepliaklqana.
  5089 | D:6      | Found a shimmering blue altar of Sif Muna.
  5224 | D:6      | Noticed a hornet
  5229 | D:6      | Gained mutation: You are mostly covered in sharp spines.
                  | [demonic ancestry]
  5229 | D:6      | Reached XP level 9. HP: 24/57 MP: 6/12
  5237 | D:6      | Slain by a killer bee

Illustrated notes

Levels and vault maps discovered:
D:1:      dpeg_arrival_boxes_within_box, layout_basic, serial_corexii_hall,
          corexii_hall_statues_i, corexii_hall_statues_l,
          corexii_hall_statues_i, corexii_hall_statues_l,
          chequers_hall_statues_corner_a, chequers_hall_statues_wall_a,
          dilly_ecumenical_altar_fadedgnrine
D:2:      layout_loops_ring, minmay_mini_jars, uniq_sigmund
D:3:      layout_rooms, gup_sewer_entry_bubbles, minmay_circle_x
D:4:      layout_gridville, minmay_temple_entry_waves, grunt_decor_cap,
          nrook_uturn, nicolae_figureground_sparkle, uniq_ijyb
D:5:      layout_basic, nicolae_hepliaklqana_hippocampus, serial_shops,
          nicolae_shop_window_shopping, minmay_misc_feat_doors, feat_on_display,
          uniq_menkaure
D:6:      layout_loops_ring, mainiacjoe_overflow_catwalk, lemuel_crystal_altar,
          fedhas_ov_isle_minmay, uniq_duvessa, uniq_pikel, uniq_eustachio,
          uniq_grinder
Temple:   minmay_crystal_spiral_temple

Skill      XL: |  1  2  3  4  5  6  7  8 |
---------------+-------------------------+-----
Fire Magic     | 3 4 5 6 8 |  8.4
Conjurations   | 2 4 5 6 8 |  8.7
Dodging        | |  1.7
Stealth        | |  1.7
Spellcasting   | |  2.0

Action                   |  1- 3 |  4- 6 |  7- 9 || total
-------------------------+-------+-------+-------++-------
Melee: Unarmed           |    25 |       |       ||    25
       Tailslap          |     2 |     8 |     4 ||    14
       Punch             |     1 |     1 |       ||     2
       Whip              |     7 |     4 |       ||    11
       Staff             |       |    39 |    31 ||    70
 Cast: Foxfire           |    46 |       |       ||    46
       Scorch            |    11 |    39 |    51 ||   101
       Flame Wave        |       |       |     3 ||     3
 Stab: Distracted        |     1 |       |       ||     1
       Sleeping          |     1 |       |       ||     1
Armor: Robe              |     8 |     7 |    19 ||    34
Dodge: Dodged            |    24 |    33 |    28 ||    85
